Description

This build order in really easy to execute. He is designed safe and macro oriented. There is many scout timing and you can adapt to your opponent all game long.

The goal is to do a standard Gate Expand opening and then go to a fast Colossus playstyle (which is very safe against Terran).

This build can be done in all league. It's design to be really strong in defense and works against every kind of protoss build order (cheese, all-in macro).

Few tips :

  • With your scouting probe : Check the number of gas and if the Terran do an expand at 1,45.
  • Hide your scouting probe and scout against at 2,15.
  • Always do a wall on the path of the reaper if you can
  • In case of agressive playstyle (like fast marauder for example), do a fast shield battery at your natural
  • Add your double forge after the first push (most of the time, around 6min)
  • Try to take your third base before 5min
  • On your robotic, you can do an observer first and put it in front of your opponent natural expand
  • Go to colossus fast (robotic bay as soon as the robotic is finished))
  • Add pylons on edge of your main base: It's really important in case of drops
  • If you are behind, don't attack your opponent. He will have the defensive advantage

If you have any questions, you can ask them in the comment section below.

VOD

https://youtu.be/6VKR8NYqyMc

Replay - KAOZ v llllllllllll - Eternal Empire LE

Build Order

Get SALT Encoding   

  12  0:00  Probe  
  13  0:13  Probe  
  14  0:17  Pylon  
  14  0:25  Probe (Chrono Boost)  
  16  0:36  Probe (Chrono Boost)  
  16  0:38  Gateway  
  16  0:41  Probe  
  16  0:47  Assimilator  
  17  0:53  Probe  
  18  1:05  Probe  
  19  1:20  Nexus  
  19  1:23  Probe  
  20  1:34  Cybernetics Core  
  20  1:37  Probe  
  21  1:42  Assimilator  
  21  1:49  Probe  
  21  1:53  Pylon  
  23  2:08  Stalker (Chrono Boost)  
  23  2:15  Warp Gate  
  26  2:27  Robotics Facility  
  27  2:39  Stalker  
  35  3:11  Gateway  
  37  3:23  Observer (Chrono Boost)  
  37  3:25  Robotics Bay  
  40  3:31  Gateway  
  42  3:42  Warp Prism (Chrono Boost)  
  44  3:52  Pylon  
  46  3:57  Pylon  
  46  4:01  Assimilator  
  46  4:05  Gravitic Drive  
  46  4:09  Colossus (Chrono Boost)  
  54  4:21  Stalker  
  56  4:27  Stalker  
  58  4:43  Nexus  
  60  4:46  Observer  
  62  4:56  Pylon  
  62  5:13  Colossus (Chrono Boost)  
  62  5:14  Gateway  
  70  5:24  Twilight Council  
  71  5:52  Colossus (Chrono Boost)  
  71  5:54  Observer  
  79  5:58  Gateway x2  
  79  6:01  Charge (Chrono Boost)  
  79  6:03  Assimilator  
  82  6:09  Gateway  
  83  6:12  Extended Thermal Lance  
  86  6:26  Stalker x2  
  86  6:30  Zealot x2  
  96  6:36  Immortal (Chrono Boost)  
  106  6:55  Forge x2  
  106  6:58  Zealot  
  106  7:05  Shield Battery x3  
  106  7:10  Shield Battery  
  106  7:13  Zealot  
  104  7:33  Zealot x6  
  101  7:38  Protoss Ground Armor Level 1 (Chrono Boost)  
  102  7:53  Photon Cannon x3  
  102  7:54  Templar Archives  
  102  7:55  Protoss Ground Weapons Level 1 (Chrono Boost)  
  105  8:01  Assimilator x2  
  105  8:04  Photon Cannon  
  108  8:19  Nexus  
  108  8:21  Psionic Storm  
  108  8:24  Photon Cannon  
  118  8:36  High Templar x2  
  122  8:46  High Templar x4  
  132  8:56  Immortal  
  132  9:01  Gateway x2  
  138  9:14  Gateway  
  138  9:16  Dark Shrine  
  142  9:33  High Templar x2  
  142  9:36  Archon  
  146  9:58  Stalker x2  
Spawning Tool Build Advisor. Get it on Overwolf

Go to:

Details

  • Created by: zuka      
  • Published on: Dec 18, 2019
  • Patch: 4.11.0
Show
View Real Time Build Order
Export as new Build Order

Comments (0)

There are no comments. Be the first!

Create an account to comment!